 Dungeon Crawl Stone Soup version 0.29-a0-1009-g60c99734e7 (webtiles) character file.

Game seed: 18171822903564723368

494 drpainis the Sneak (level 6, -1/30 HPs)
             Began as a Spriggan Enchanter on Aug 8, 2022.
             Killed from afar by a white imp (9 damage)
             ... with a puff of frost
             ... on level 4 of the Dungeon.
             The game lasted 00:09:10 (6914 turns).

drpainis the Sneak (Spriggan Enchanter)             Turns: 6914, Time: 00:09:11

Health: -1/30      AC:  3    Str:  4    XL:     6   Next: 92%
Magic:  3/13       EV: 19    Int: 18    God:
Gold:   285        SH:  0    Dex: 22    Spells: 2/13 levels left

rFire   . . .      SeeInvis +   a - +1 dagger
rCold   . . .      Faith    .   (no shield)
rNeg    . . .      Spirit   .   b - +0 robe
rPois   .          Reflect  .   (helmet restricted)
rElec   .          Harm     .   y - +0 cloak
rCorr   .          Rampage  .   (gloves unavailable)
Will    +....                   (boots unavailable)
Stlth   ++++......              (no amulet)
HPRegen 0.10/turn               h - +6 ring of dexterity
MPRegen 0.13/turn               w - +4 ring of slaying

@: very slightly contaminated, very quick
A: very small, no large weapons, unfitting armour, see invisible, speed 3
a: no special abilities


You were on level 4 of the Dungeon.
You visited 1 branch of the dungeon, and saw 5 of its levels.

You collected 285 gold pieces.

Inventory:

Hand Weapons
 a - a +1 dagger (weapon)
Missiles
 q - 9 poisoned darts (quivered)
Armour
 b - a +0 robe (worn)
 k - a scarf of harm
 y - a +0 cloak (worn)
Jewellery
 h - a +6 ring of dexterity (left hand)
 w - a +4 ring of slaying (right hand)
Wands
 r - a wand of quicksilver (10)
Scrolls
 d - 2 scrolls of blinking
 e - a scroll of fog {unknown}
 g - a scroll of teleportation {unknown}
 j - 2 scrolls of identify
 l - a scroll of noise {unknown}
 o - a scroll of silence {unknown}
 s - a scroll of amnesia {unknown}
 t - a scroll of fear {unknown}
 u - a scroll of vulnerability {unknown}
Potions
 c - 4 potions of invisibility
 f - 2 potions of curing {unknown}
 i - a potion of mutation {unknown}
 m - 2 potions of haste {unknown}
 n - a potion of might {unknown}
 p - 3 potions of attraction {unknown}
 v - a potion of heal wounds
 x - a potion of lignification {unknown}


   Skills:
 + Level 1.1 Fighting
 + Level 3.2 Short Blades
 + Level 3.6 Dodging
 + Level 7.8 Stealth
 + Level 4.4 Spellcasting
 + Level 4.8 Hexes
 + Level 1.3 Ice Magic


You had 2 spell levels left.
You knew the following spells:

 Your Spells              Type           Power      Damage    Failure   Level
a - Ensorcelled Hibernat  Hex/Ice        30%        N/A       6%          2
b - Confusing Touch       Hex            21%        N/A       6%          3
c - Tukima's Dance        Hex            21%        N/A       6%          3
d - Dazzling Flash        Conj/Hex       24%        N/A       16%         3

Your spell library contained the following spells:

 Spells                   Type           Power      Damage    Failure   Level


Dungeon Overview and Level Annotations

Branches:
Dungeon (5/15)
 Temple: D:4-7

Altars:
Elyvilon
Nemelex Xobeh
Zin

Annotations:
D:5 Menkaure


Innate Abilities, Weirdness & Mutations

You are very small and have problems with some larger weapons.
You are too small for most types of armour.
You have supernaturally acute eyesight. (SInv)
You cover ground extremely quickly. (Speed+++)


Message History

Confirm with . or Enter, or press ? or * to list all spells.
Aiming: Ensorcelled Hibernation (safe; 6% risk of failure)
Press: ? - help, Shift-Dir - straight line, f/p - ogre
Aim: an ogre (heavily wounded, chance to affect: 49%)
The ogre resists with some effort.
Menkaure calls on the powers of darkness!
The ogre convulses!
Your body is wracked with pain!
Casting: Ensorcelled Hibernation (safe; 6% risk of failure)
Confirm with . or Enter, or press ? or * to list all spells.
Aiming: Tukima's Dance (dangerous; 6% risk of failure)
Press: ? - help, Shift-Dir - straight line, f - you, p - ogre That would be overly suicidal.
Okay, then.
An iguana comes into view.
Things that are here:
a +0 scythe of flaming; a +0 robe; the human corpse of Sigmund A white imp comes into view.
The white imp shouts, "Return whence thou came, thou rank fen-sucked toady!"
The white imp gestures at you. The puff of frost hits you.
* * * LOW HITPOINT WARNING * * *
The white imp gestures at you. The puff of frost misses you.
There is a stone staircase leading up, spattered with blood here.
The white imp gestures at you. The puff of frost misses you.
You climb upwards.
There is a stone staircase leading down here.
Casting: Tukima's Dance (dangerous; 6% risk of failure)
Confirm with . or Enter, or press ? or * to list all spells.
You can't see any susceptible monsters within range! (Use Z to cast anyway.) Unknown command.
Casting: Tukima's Dance (dangerous; 6% risk of failure)
Confirm with . or Enter, or press ? or * to list all spells.
You miscast Confusing Touch.
You are very lightly contaminated with residual magic.
Nothing appears to happen.
The white imp gestures at you. The puff of frost hits you!
You die...

########.# ##'## #...# #.#
##...## ###.# ###.#
##.....## ####.# ##.#.#
##.......## ##.##.#
##....###.........####...#.#
#.......'.........'.........
##....###.........####...#.#
##.#.# ##รท.5....## ##.#...
###.# ##@....## ##....
#####.# ##...## #....
#.....# ##'## #.... #.#####
#.# ##... #.# #.# ##.# #.#
##.######### #.# #.#######
##..........# #.# #.......#
#.....#####.####.#
#######.####....###........#


You could see a white imp.

Vanquished Creatures
  Sigmund (D:5)
  A hound (D:4)
  A jelly (D:4)
  Crazy Yiuf (D:4)
  Jessica (D:2)
  Natasha (twice) (D:4)
  4 gnolls
  6 adders
  2 worms
  2 dart slugs
  2 orcs (D:4)
  10 endoplasms
  A giant cockroach (D:2)
  5 goblins
  4 hobgoblins
  3 jackals (D:5)
  9 kobolds
  A quokka (D:2)
  8 ball pythons
  7 bats
  A frilled lizard (D:1)
  6 rats
78 creatures vanquished.

Vanquished Creatures (others)
  A minotaur (D:1)
  A demonspawn (D:1)
  2 octopodes (D:1)
  A gargoyle (D:1)
  An elf (D:1)
  A formicid (D:1)
  3 spriggans (D:1)
  A human (D:1)
  A vampire (D:1)
  An ogre (D:1)
  A tengu (D:1)
  An orc (D:1)
  4 tentacles (D:1)
19 creatures vanquished.

Grand Total: 97 creatures vanquished

Notes
Turn   | Place    | Note
-------+----------+-------------------------------------------
     0 | D:1      | drpainis the Spriggan Enchanter began the quest for the
                  | Orb.
     0 | D:1      | Reached XP level 1. HP: 9/9 MP: 5/5
     2 | D:1      | Noticed a spriggan
     2 | D:1      | Noticed an octopode
     2 | D:1      | Noticed a formicid
     2 | D:1      | Noticed a gargoyle
     2 | D:1      | Noticed an ogre
     2 | D:1      | Noticed a minotaur
     2 | D:1      | Noticed a kraken
     2 | D:1      | Noticed an elf
     2 | D:1      | Noticed a human
     2 | D:1      | Noticed a demonspawn
     2 | D:1      | Noticed a spriggan
     2 | D:1      | Noticed a tengu
     2 | D:1      | Noticed a vampire
     2 | D:1      | Noticed an octopode
     2 | D:1      | Noticed a spriggan
     3 | D:1      | Killed an elf
     6 | D:1      | Killed an ogre
    11 | D:1      | Killed an octopode
    11 | D:1      | Killed a tengu
    12 | D:1      | Killed an octopode
    13 | D:1      | Killed a gargoyle
    16 | D:1      | Killed a spriggan
    17 | D:1      | Killed a formicid
    20 | D:1      | Killed a human
    23 | D:1      | Killed a spriggan
    23 | D:1      | Killed a minotaur
    25 | D:1      | Killed a spriggan
    28 | D:1      | Killed a demonspawn
    31 | D:1      | Killed a vampire
   508 | D:1      | Reached XP level 2. HP: 5/13 MP: 6/6
   914 | D:1      | Learned a level 2 spell: Ensorcelled Hibernation
  1575 | D:1      | Reached XP level 3. HP: 16/16 MP: 8/8
  1763 | D:1      | Learned a level 3 spell: Confusing Touch
  1767 | D:1      | Learned a level 3 spell: Tukima's Dance
  1828 | D:2      | Noticed Jessica
  1834 | D:2      | Killed Jessica
  1835 | D:2      | Reached skill level 5 in Stealth
  2018 | D:2      | Reached XP level 4. HP: 21/21 MP: 9/9
  2739 | D:2      | Found a faded altar of an unknown god.
  3722 | D:3      | Reached skill level 6 in Stealth
  3722 | D:3      | Reached XP level 5. HP: 18/25 MP: 11/11
  4091 | D:3      | Found a sparkling altar of Nemelex Xobeh.
  4744 | D:4      | Found a runed translucent door.
  4745 | D:4      | Noticed Crazy Yiuf
  5533 | D:4      | Learned a level 3 spell: Dazzling Flash
  5904 | D:4      | Noticed Natasha
  5973 | D:4      | Killed Natasha
  5974 | D:4      | Reached skill level 1 in Ice Magic
  6143 | D:4      | Reached skill level 7 in Stealth
  6190 | D:4      | Reached XP level 6. HP: 28/29 MP: 12/12
  6222 | D:4      | Found a white marble altar of Elyvilon.
  6352 | D:4      | Killed Crazy Yiuf
  6523 | D:4      | Noticed Natasha
  6531 | D:4      | Killed Natasha
  6608 | D:5      | Entered Level 5 of the Dungeon
  6612 | D:5      | Noticed Sigmund
  6738 | D:5      | Killed Sigmund
  6739 | D:5      | Reached skill level 1 in Fighting
  6744 | D:5      | Found a glowing silver altar of Zin.
  6841 | D:5      | Noticed Menkaure
  6914 | D:4      | Killed from afar by a white imp

Illustrated notes

Levels and vault maps discovered:
D:1:      nicolae_arrival_kraken_aquarium_b, layout_basic
D:2:      layout_basic, shapermc_ecumenical_altar_venn, minivault_4,
          uniq_jessica
D:3:      layout_basic, amcnicky_altar_gilded, minmay_misc_feat_tiny
D:4:      layout_loops_corners, lemuel_coloured_pillars_altar, uniq_natasha,
          uniq_crazy_yiuf_cottage
D:5:      layout_basic, mainiacjoe_overflow_six_doors_small, uniq_menkaure,
          uniq_duvessa, uniq_sigmund

Skill      XL: |  1  2  3  4  5  6 |
---------------+-------------------+-----
Spellcasting   | 3 4 |  4.4
Hexes          | 4 |  4.8
Dodging        | 3 |  3.6
Short Blades   | 2 3 |  3.2
Stealth        | 5 6 7 |  7.8
Ice Magic      | 1 |  1.3
Fighting       | 1 |  1.1

Action                   |  1- 3 |  4- 6 || total
-------------------------+-------+-------++-------
Melee: Dagger            |    80 |   110 ||   190
       Punch             |     2 |     3 ||     5
 Cast: Ensorcelled Hiber |     9 |    39 ||    48
       Confusing Touch   |     1 |     2 ||     3
       Tukima's Dance    |       |     1 ||     1
  Use: Potion            |       |     1 ||     1
       Scroll            |       |     1 ||     1
 Stab: Sleeping          |    11 |    31 ||    42
       Confused          |       |     1 ||     1
Armor: Robe              |     8 |     9 ||    17
Dodge: Dodged            |    52 |    75 ||   127

Table legend: (Time is in decaauts)
 A = Elapsed time spent in this place.
 B = Non-inter-level travel time spent in this place.
 C = Inter-level travel time spent in this place.
 D = Time resting spent in this place.
 E = Time spent auto-exploring this place.
 F = Levels seen in this place.
 G = Mean time per level.
                   A        B        C        D        E       F      G
               +--------+--------+--------+--------+--------+-----+--------+
         Total |   5441 |   5350 |     91 |   1843 |   2679 |   5 | 1088.2 |
       Dungeon |   5441 |   5350 |     91 |   1843 |   2679 |   5 | 1088.2 |
               +--------+--------+--------+--------+--------+-----+--------+

Top non-repeatable levels by time:
     D:4: 1532 daAuts
     D:1: 1523 daAuts
     D:2: 1328 daAuts
     D:3: 901 daAuts
     D:5: 155 daAuts
